 Dungeon Crawl Stone Soup version 0.15.2 (webtiles) character file.

4645 ImaNewbie the Spear-Bearer (level 10, -4/80 HPs)
             Began as a Merfolk Berserker on Mar 2, 2015.
             Was an Elder of Trog.
             Killed by the air
             ... invoked by Gastronok
              (33 damage)
             ... on Level 9 of the Dungeon.
             The game lasted 01:17:12 (10113 turns).

ImaNewbie the Spear-Bearer (Merfolk Berserker)     Turns: 10113, Time: 01:17:13

HP  -4/80        AC  5     Str 18      XL: 10   Next: 43%
MP  11/11        EV 19     Int  7      God: Trog [****..]
Gold 381         SH  0     Dex 18      Spells:  0 memorised,  9 levels left

rFire  + + .     SeeInvis .     k - +0 trident
rCold  . . .     Clarity  .     b - +0 animal skin
rNeg   + + .     rCorr    .     (no shield)
rPois  .         rRot     .     v - +1 helmet
rElec  .         Spirit   .     (no cloak)
SustAb .         Warding  .     l - +0 pair of gloves "Lyn Sme" {rF+}
rMut   .         Stasis   .     (no boots)
Gourm  .                        (no amulet)
MR     ++...                    m - cursed ring of positive energy
                                h - ring of positive energy

@: exhausted, regenerating, slowed, very slow, very resistant to hostile
enchantments, unstealthy
A: change form in water, swift swim, agile 1, fire resistance 1, high mp 1
a: Burn Spellbooks, Berserk, Trog's Hand, Brothers in Arms, Renounce Religion


You were on level 9 of the Dungeon.
You worshipped Trog.
Trog was greatly pleased with you.
You were hungry.

You visited 1 branch of the dungeon, and saw 9 of its levels.

You collected 381 gold pieces.

Inventory:

Hand weapons
 a - a cursed +1 spear
 k - a +0 trident (weapon)
 y - a cursed -2 glaive
Missiles
 x - 48 poisoned needles
Armour
 b - a +0 animal skin (worn)
 l - the +0 pair of gloves "Lyn Sme" (worn) {rF+}
   (You found it on level 4 of the Dungeon)

   It protects you from fire.
 v - a +1 helmet (worn)
 D - a cursed +0 robe
Magical devices
 o - a wand of teleportation (3)
 p - a wand of paralysis (16)
 t - a wand of lightning (7)
Comestibles
 c - 7 bread rations
 f - 5 beef jerkies
 n - 3 chunks of yak flesh
 w - 4 chunks of yak flesh
 A - 2 meat rations
 C - a chunk of orc flesh
 E - 2 royal jellies
Scrolls
 d - 6 scrolls of remove curse
 e - 5 scrolls of identify
 g - a scroll of fear
 r - a scroll of teleportation
 s - 2 scrolls of fog
Jewellery
 h - a ring of positive energy (left hand)
 m - a cursed ring of positive energy (right hand)
Potions
 i - 3 potions of curing
 j - 2 potions of flight
 q - 2 potions of magic
 z - a potion of agility


   Skills:
 + Level 7.7 Fighting
 + Level 14.6 Polearms
 + Level 4.8 Armour
 + Level 8.6 Dodging


You had 9 spell levels left.
You didn't know any spells.

Dungeon Overview and Level Annotations

Branches:
Dungeon (9/15)             Temple (0/1) D:7
    Orc: D:9-12        Lair: D:8-11

Altars:
Cheibriados
Kikubaaqudgha
Xom
The Shining One

Shops:
D:4 [   D:5 :   D:6 %

Annotations:
D:9 Gastronok


Innate Abilities, Weirdness & Mutations

You revert to your normal form in water.
You are very nimble and swift while swimming.
You are agile. (Dex +2)
Your flesh is heat resistant.
You have an increased reservoir of magic (+10% MP).


Message History

Okay, then.
Drink which item? (? for menu, Esc to quit)
Okay, then.
Read which item? (? for menu, Esc to quit)
Okay, then.
Drink which item? (? for menu, Esc to quit)
You feel much better. Gastronok bites you!
You hit Gastronok.
Gastronok is severely wounded.
You hit Gastronok but do no damage.
Gastronok is severely wounded.
You hit Gastronok but do no damage.
Gastronok is severely wounded.
Gastronok bites you!!
* * * LOW HITPOINT WARNING * * *
Drink which item? (? for menu, Esc to quit)
You feel much better.
Gastronok waves his eye-stalks in wide circles.
The air twists around and strikes you!
You die...

#### #... #.## #.#. #.#.
########.#. .........#%
################)#.
#.@................
#w###.##.######..(. #r#
#.##.######..##
##############.#
#............#
................#
#.##.#####...#
###.....########
#.##.<.......# #.....#
###.########.#.# #.###.#
#.....# #.#.# ..
#.########.###.######.#.#


You could see Gastronok and a quokka.

Vanquished Creatures
  A two-headed ogre (D:8)
  4 yaks (D:9)
  The ghost of ImaNewbie the Ruinous, an average DrCj of Vehumet (D:3)
  A water moccasin (D:6)
  Menkaure (D:5)
  2 orc warriors (D:8)
  An ice beast (D:5)
  A phantom (D:6)
  An ogre (D:7)
  A black bear (D:7)
  5 centaurs
  4 sky beasts
  Sigmund (D:2)
  4 giant frogs
  A big kobold (D:8)
  3 scorpions
  14 killer bees
  A goliath beetle (D:7)
  3 crimson imps
  8 wights
  4 hounds
  3 orc priests
  Natasha (D:4)
  4 orc wizards
  A worker ant (D:4)
  2 mummies
  6 adders
  4 giant mites
  A shadow imp (D:6)
  A worm (D:4)
  An adder skeleton (D:5)
  5 giant geckos
  12 orcs
  A bat zombie (D:6)
  7 giant cockroaches
  13 goblins
  14 hobgoblins
  9 jackals
  13 kobolds
  2 quokkas
  2 ball pythons (D:7)
  A ball python skeleton (D:4)
  14 bats
  4 giant newts
  A giant spore (D:7)
  A goblin zombie (D:5)
  A quokka zombie (D:6)
  10 rats
  A rat skeleton (D:7)
  3 rat zombies (D:6)
  7 ballistomycetes (D:7)
207 creatures vanquished.

Notes
Turn   | Place    | Note
--------------------------------------------------------------
     0 | D:1      | ImaNewbie, the Merfolk Berserker, began the quest for the Orb.
     0 | D:1      | Reached XP level 1. HP: 18/18 MP: 1/1
    92 | D:1      | Reached XP level 2. HP: 22/24 MP: 2/2
   630 | D:1      | Reached XP level 3. HP: 29/29 MP: 3/3
  1253 | D:2      | Found a shimmering altar of Xom.
  1416 | D:2      | Reached skill level 5 in Polearms
  1504 | D:2      | Acquired Trog's second power
  1875 | D:2      | Noticed Sigmund
  1889 | D:2      | Killed Sigmund
  1889 | D:2      | Reached skill level 7 in Polearms
  1889 | D:2      | Reached XP level 4. HP: 32/35 MP: 4/4
  1889 | D:2      | Reached XP level 5. HP: 37/41 MP: 5/5
  2025 | D:3      | Noticed ImaNewbie's ghost (average DrCj)
  2380 | D:3      | Reached skill level 8 in Polearms
  2383 | D:3      | Reached XP level 6. HP: 10/47 MP: 6/6
  2388 | D:3      | Reached skill level 9 in Polearms
  2900 | D:3      | Killed ImaNewbie's ghost
  2900 | D:3      | Reached skill level 10 in Polearms
  3363 | D:4      | Found Tulewn's Antique Armour Emporium.
  3377 | D:4      | Reached XP level 7. HP: 50/52 MP: 7/7
  3393 | D:4      | Gained mutation: Your magical capacity is low (-10% MP). [potion of mutation]
  3393 | D:4      | Gained mutation: You are dopey. (Int -2) [potion of mutation]
  3393 | D:4      | Gained mutation: Your vision is a little blurry. [potion of mutation]
  3394 | D:4      | Lost mutation: Your magical capacity is low (-10% MP). [potion of cure mutation]
  3394 | D:4      | Lost mutation: Your vision is a little blurry. [potion of cure mutation]
  3394 | D:4      | Lost mutation: You are dopey. (Int -2) [potion of cure mutation]
  3395 | D:4      | Gained mutation: You have an increased reservoir of magic (+10% MP). [potion of mutation]
  3395 | D:4      | Gained mutation: Your flesh is heat resistant. [potion of mutation]
  3395 | D:4      | Gained mutation: You are agile. (Dex +2) [potion of mutation]
  3849 | D:4      | Got a pair of ichor-stained gloves
  3860 | D:4      | Identified the cursed +0 pair of gloves "Lyn Sme" {rF+} (You found it on level 4 of the Dungeon)
  4147 | D:4      | Noticed Natasha
  4199 | D:4      | Killed Natasha
  4305 | D:5      | Entered Level 5 of the Dungeon
  4340 | D:5      | Found Stoukoy's Book Emporium.
  4410 | D:5      | Reached skill level 11 in Polearms
  4780 | D:5      | Reached XP level 8. HP: 32/60 MP: 8/8
  4976 | D:5      | Noticed Menkaure
  4987 | D:5      | Killed Menkaure
  4987 | D:5      | Reached skill level 5 in Dodging
  5472 | D:6      | Reached skill level 5 in Fighting
  6135 | D:6      | Reached skill level 12 in Polearms
  6295 | D:6      | Reached XP level 9. HP: 69/69 MP: 9/9
  6595 | D:6      | Found Strotzagh's Food Boutique.
  6808 | D:6      | Found an ancient bone altar of Kikubaaqudgha.
  7132 | D:7      | Found a snail-covered altar of Cheibriados.
  8033 | D:7      | Found a glowing golden altar of the Shining One.
  8170 | D:7      | Found a staircase to the Ecumenical Temple.
  8358 | D:7      | Reached skill level 13 in Polearms
  8670 | D:7      | HP: 2/72 [poisoned by a killer bee]
  9099 | D:8      | Reached XP level 10. HP: 74/79 MP: 11/11
  9300 | D:8      | Acquired Trog's third power
  9876 | D:9      | Reached skill level 14 in Polearms
 10051 | D:9      | Noticed Gastronok
 10113 | D:9      | Killed from afar by Gastronok

Action                   |  1- 3 |  4- 6 |  7- 9 | 10-12 || total
-------------------------+-------+-------+-------+-------++-------
Melee: Spear             |   196 |   127 |   408 |       ||   731
       Trident           |       |       |   204 |   127 ||   331
Invok: Berserk           |     1 |     3 |    12 |     3 ||    19
       Trog's Hand       |       |     1 |     8 |     2 ||    11
       Burn Spellbooks   |       |       |     2 |     1 ||     3
Evoke: Wand              |       |       |     6 |       ||     6
  Use: Scroll            |       |       |    17 |       ||    17
       Potion            |       |       |    10 |     2 ||    12
 Stab: Sleeping          |     4 |     1 |     3 |       ||     8
       Distracted        |       |       |     3 |       ||     3
  Eat: Chunk             |     3 |     9 |    25 |     7 ||    44
       Meat ration       |       |       |     1 |       ||     1
